 Dungeon Crawl Stone Soup version 0.27.1-4-g1640c2035a (webtiles) character file.

Game seed: 16666871909958354763

22059 hypoxyphilia the Thaumaturge (level 13, -2/102 HPs)
             Began as a Djinni Transmuter on Nov 9, 2021.
             Was a Believer of Makhleb.
             Slain by a black mamba (15 damage)
             ... on level 3 of the Lair of Beasts.
             The game lasted 03:31:59 (25548 turns).

hypoxyphilia the Thaumaturge (Djinni Transmuter)   Turns: 25548, Time: 03:31:59

Health: -2/102     AC: 11    Str:  9    XL:     13   Next: 24%
Gold:   274        EV: 11    Int: 21    God:    Makhleb [**....] SH:  0 Dex: 13

rFire    x . .     SeeInvis .     - Unarmed
rCold    + + +     Faith    .   (shield currently unavailable)
rNeg     . . .     Spirit   .   (armour currently unavailable)
rPois    ∞         Reflect  .   (helmet currently unavailable)
rElec    .         Harm     .   (cloak currently unavailable)
rCorr    +         Rampage  .   (gloves currently unavailable)
Will     +....                  (boots unavailable)
Stlth    +.........             (no amulet)
HPRegen  0.27/turn              q - ring of resist corrosion
MPRegen  0.00/turn              (no ring)

@: ice-form, forested, flying
A: freezing attack, flying, boosted hp, sickness immunity, large, (fire
resistance 2), (cold vulnerability 1), float, innate caster, hp casting, extra
vitality 1
a: End Transformation, Renounce Religion, Minor Destruction


You were on level 3 of the Lair of Beasts.
You worshipped Makhleb.
Makhleb was pleased with you.
You were a creature of crystalline ice.
You visited 3 branches of the dungeon, and saw 15 of its levels.

You collected 719 gold pieces.
You spent 445 gold pieces at shops.

Inventory:

Hand Weapons
 a - the +3 triple sword "Transmigrator" {holy, rPois Str-4 Dex+3 SInv}
   (You acquired it on level 8 of the Dungeon)

   It has been blessed by the Shining One to cause great damage to the undead
   and demons.
   Str:       It affects your strength (-4).
   Dex:       It affects your dexterity (+3).
   rPois:     It protects you from poison.
   SInv:      It lets you see invisible.
 A - a +3 scimitar of flaming (melded)
Missiles
 j - 45 poisoned darts (quivered)
 u - 4 throwing nets
Armour
 c - a +0 cloak (melded)
 e - a +2 pair of gloves (melded)
 p - the +7 chain mail of Tycog {Str+3 Dex+4}
   (You found it on level 3 of the Dungeon)

   Str:       It affects your strength (+3).
   Dex:       It affects your dexterity (+4).
 D - the +2 hat of the Bear Spirit (melded) {Spirit, +Rage rN+ Will++}
   (You found it on level 8 of the Dungeon)

   rN:        It protects you from negative energy.
   +Rage:     It lets you go berserk.
   Will:      It greatly increases your willpower.
 K - the +1 scale mail of Hadjma (melded) {Str+5}
   (You found it on level 1 of the Lair of Beasts)

   Str:       It affects your strength (+5).
Magical Staves
 s - a staff of cold
Jewellery
 q - a ring of resist corrosion (left front paw)
Wands
 i - a wand of flame (15)
 k - a wand of acid (3)
 w - a wand of charming (3)
 z - a wand of digging (6)
 C - a wand of iceblast (19)
Scrolls
 d - 4 scrolls of magic mapping
 h - a scroll of enchant weapon
 n - 4 scrolls of teleportation
 o - 2 scrolls of immolation
 t - a scroll of summoning
 x - a scroll of enchant armour
 y - 2 scrolls of holy word
 B - 4 scrolls of identify
 H - a scroll of torment
 J - a scroll of fear
Potions
 b - 2 potions of mutation
 f - a potion of cancellation
 l - 2 potions of resistance
 m - 7 potions of curing
 r - a potion of berserk rage
 v - a potion of ambrosia
 E - a potion of haste
 F - a potion of lignification
 G - a potion of invisibility
 I - 2 potions of heal wounds
Miscellaneous
 g - a tin of tremorstones (2/2)


   Skills:
 + Level 5.1 Fighting
 - Level 2.5 Long Blades
 - Level 0.2 Throwing
 * Level 7.4 Armour
 - Level 4.5 Dodging
 + Level 11.0 Unarmed Combat
 * Level 11.8 Spellcasting
 + Level 0.6 Evocations


You had 6 spell levels left.
You knew the following spells:

 Your Spells              Type           Power      Damage    Failure   Level
a - Beastly Appendage     Tmut           100%       N/A       1%          1
b - Wereblood             Tmut           58%        N/A       1%          2
c - Spider Form           Tmut/Pois      29%        N/A       1%          3
d - Ice Form              Ice/Tmut       58%        N/A       1%          4
e - Sting                 Tmut/Pois      100%       1d8       1%          1
f - Slow                  Hex            58%        N/A       1%          2
g - Call Imp              Summ           58%        N/A       1%          2
h - Sticky Flame          Conj/Fire      58%        2d7       1%          4
i - Summon Forest         Summ/Tloc      29%        N/A       1%          5
j - Metabolic Englaciati  Hex/Ice        29%        N/A       1%          5
Your spell library was empty.

Dungeon Overview and Level Annotations

Branches:
Dungeon (11/15)            Temple (1/1) D:5            Lair (3/6) D:11
 Spider (0/4) Lair:2          Orc (0/2) D:11
  Swamp: Lair:2-4    Shoals: Lair:2-4

Altars:
Ashenzari
Cheibriados
Dithmenos
Elyvilon
Fedhas
Gozag
Hepliaklqana
Kikubaaqudgha
Makhleb
Nemelex Xobeh
Okawaru
Qazlal
Ru
Sif Muna
Trog
Uskayaw
Vehumet
Wu Jian
Xom
Yredelemnul
Zin
The Shining One

Shops:
D:4 *   D:10 !?

Portals:
Abyss: D:6

Annotations:
D:2 1 runed translucent door, Crazy Yiuf
D:5 2 transporters, Selrock's ghost, amateur HOMo
D:6 2 transporters, exclusions: electric eel and 1 more exclusion, 0gre's ghost, novice GnCj


Innate Abilities, Weirdness & Mutations

You are a creature of crystalline ice.
You have a powerful freezing melee attack.
You are flying.
Your maximum health is increased.
Your armour is entirely melded.
You are incapable of wielding weapons or throwing items.
You are immune to sickness and miasma.
You are immune to poison.
((Your flesh is very heat resistant. (rF++)))
((You are vulnerable to cold. (rC-)))
You float through the air rather than walking.
You learn spells naturally, not from books.
Your magical power is your life essence.
You have superior vitality. (+4 HP)


Message History

You feel better.
You closely miss the black mamba. You punch the black mamba.
The black mamba is lightly wounded.
The black mamba bites you! The black mamba completely misses you.
You hit the black mamba but do no damage.
The black mamba is lightly wounded.
The black mamba bites you! The black mamba closely misses you.
You riposte.
You miss the black mamba.
The black mamba is lightly wounded.
Casting: Ice Form (mildly dangerous; 1% risk of failure)
Confirm with . or Enter, or press ? or * to list all spells.
You turn into a creature of crystalline ice.
Your +3 scimitar of flaming melds into your body.
Your +0 cloak melds into your body.
The +2 hat of the Bear Spirit {Spirit, +Rage rN+ Will++} melds into your body.
Your +2 pair of gloves melds into your body.
The +1 scale mail of Hadjma {Str+5} melds into your body.
Your +3 scimitar of flaming stops flaming.
You feel strangely alone. The black mamba bites you! The black mamba bites you.
You punch the black mamba! You freeze the black mamba.
The black mamba is moderately wounded.
The black mamba bites you!
You barely miss the black mamba.
The black mamba is moderately wounded.
The black mamba bites you! The black mamba barely misses you.
You punch the black mamba! You freeze the black mamba.
The black mamba is severely wounded.
You hear the slow rumble of an avalanche of rocks very nearby.
The black mamba bites you.
Okay, then.
Casting: Ice Form (safe; 1% risk of failure)
Confirm with . or Enter, or press ? or * to list all spells.
A forested plane collides here with a resounding crunch!
Your dryad calls out to the forest.
The forest starts to sway and rumble!
* * * LOW HITPOINT WARNING * * *
The black mamba bites you!
* * * LOW HITPOINT WARNING * * *
The black mamba bites you!
You die...

#...♣. #....#
♣....♣# ..♣.#.♣
##....♣ #....♣
#.S†R# ♣PY..##
♣....P♣ ♣....## #.
# ##....♣
#...#.####.....##
.......<........##.
...................
...###.##♣###♣#.#..
# ## ####


You could see a black mamba (ally target) and a friendly dryad (summoned).

Vanquished Creatures
  A hydra (Lair:2)
  A boulder beetle (D:10)
  A two-headed ogre (D:11)
  Erica (D:8)
  2 death yaks
  Sonja (Lair:2)
  2 black mambas (Lair:1)
  Joseph (D:8)
  A torpor snail (Lair:2)
  Maggie (D:8)
  4 cane toads
  A kobold demonologist (D:10)
  3 komodo dragons
  A troll (D:10)
  A polar bear (Lair:2)
  Prince Ribbit (D:8)
  5 blink frogs (Lair:1)
  A shadow (D:10)
  15 yaks
  2 redbacks
  A wyvern (Lair:2)
  2 wraiths
  2 vampire mosquitoes (D:11)
  A swamp worm (Lair:2)
  3 water moccasins
  3 orc warriors
  A sky beast (D:5)
  A black bear (Lair:2)
  An ice beast (D:6)
  A necrophage (D:4)
  2 ogres (D:6)
  8 wolves
  3 centaurs
  3 kobold brigands
  A wyvern zombie (D:8)
  6 bullfrogs
  2 gnoll sergeants
  3 scorpions
  A water moccasin skeleton (D:3)
  12 killer bees
  11 wights
  2 bullfrog zombies
  A centaur skeleton (D:5)
  5 centaur zombies
  A gnoll shaman (D:4)
  9 orc priests
  A hound (D:5)
  3 jellies
  4 iguanas
  5 orc wizards
  5 hell rats
  Natasha (thrice) (D:2)
  A hound zombie (D:5)
  14 gnolls
  8 adders
  A river rat (D:11)
  A shadow imp (D:6)
  4 white imps
  An ufetubus (D:5)
  3 dart slugs
  35 orcs
  6 endoplasms
  3 giant cockroaches
  7 goblins
  7 hobgoblins
  A jackal (D:5)
  10 kobolds
  5 quokkas
  5 ball pythons
  8 bats
  7 frilled lizards
  3 rats
283 creatures vanquished.

Vanquished Creatures (collateral kills)
  Gastronok (Lair:2)
  2 hydras
  A two-headed ogre (D:11)
  3 death yaks
  A cane toad (Lair:2)
  2 polar bears (Lair:1)
  10 yaks
  A water moccasin (Lair:2)
  A killer bee (D:11)
  2 hell rats (Lair:2)
  3 bushes (Lair:2)
27 creatures vanquished.

Vanquished Creatures (others)
  16 fungi
  46 plants
62 creatures vanquished.

Grand Total: 372 creatures vanquished

Notes
Turn   | Place    | Note
-------+----------+-------------------------------------------
     0 | D:1      | hypoxyphilia the Djinni Transmuter began the quest for the
                  | Orb.
     0 | D:1      | Reached XP level 1. HP: 17/17 MP: 0/0
    50 | D:1      | Reached XP level 2. HP: 3/22 MP: 0/0
   495 | D:1      | HP: 1/22 [quokka (3)]
  1132 | D:1      | Reached XP level 3. HP: 26/27 MP: 0/0
  1132 | D:1      | Learned a level 1 spell: Sting
  1763 | D:2      | Found a faded altar of an unknown god.
  1881 | D:2      | Found a runed translucent door.
  1882 | D:2      | Noticed Crazy Yiuf
  2091 | D:2      | Noticed Natasha
  2104 | D:2      | Killed Natasha
  2105 | D:2      | Reached XP level 4. HP: 6/32 MP: 0/0
  2431 | D:2      | Noticed Natasha
  2480 | D:2      | Killed Natasha
  2481 | D:2      | Reached skill level 1 in Armour
  2489 | D:2      | Noticed Natasha
  2505 | D:2      | Killed Natasha
  2506 | D:2      | Reached XP level 5. HP: 21/37 MP: 0/0
  2506 | D:2      | Learned a level 2 spell: Slow
  2910 | D:3      | Reached skill level 1 in Long Blades
  3155 | D:3      | Identified the +7 chain mail of Tycog {Str+3 Dex+4}
  3283 | D:3      | Reached XP level 6. HP: 42/42 MP: 0/0
  3955 | D:4      | Noticed a necrophage
  3974 | D:4      | Killed a necrophage
  4892 | D:4      | Reached XP level 7. HP: 17/49 MP: 0/0
  4892 | D:4      | Learned a level 2 spell: Call Imp
  5617 | D:4      | Found Nyexkio's Assorted Antiques.
  5628 | D:4      | Bought a scroll of identify for 42 gold pieces
  6955 | D:5      | Entered Level 5 of the Dungeon
  7314 | D:5      | Reached XP level 8. HP: 35/55 MP: 0/0
  7433 | D:5      | Found a staircase to the Ecumenical Temple.
  7444 | Temple   | Entered the Ecumenical Temple
  8925 | D:5      | Found a transporter.
  8937 | D:5      | Noticed Selrock's ghost (amateur HOMo)
  8940 | D:5      | Found a transporter.
  9230 | D:6      | Reached skill level 5 in Unarmed Combat
  9985 | D:6      | Noticed an ice devil
 10007 | D:6      | Found a one-way gate to the infinite horrors of the Abyss.
 10007 | D:6      | Noticed 0gre's ghost (novice GnCj)
 10007 | D:6      | Noticed a thrashing horror
 10523 | D:6      | Reached skill level 5 in Spellcasting
 10523 | D:6      | Reached XP level 9. HP: 46/59 MP: 0/0
 10523 | D:6      | Learned a level 4 spell: Sticky Flame
 11218 | D:6      | Found a transporter.
 11223 | D:6      | Found a transporter.
 13166 | D:8      | Reached skill level 5 in Armour
 13315 | D:8      | Noticed Maggie
 13643 | D:8      | Noticed Joseph
 13643 | D:8      | Found the +2 hat of the Bear Spirit {Spirit, +Rage rN+
                  | Will++}
 13676 | D:8      | Killed Joseph
 13856 | D:8      | Reached XP level 10. HP: 57/66 MP: 0/0
 14285 | D:8      | Noticed Prince Ribbit
 14300 | D:8      | Killed Prince Ribbit
 14446 | D:8      | Killed Maggie
 15143 | D:8      | Noticed Erica
 15195 | D:8      | Killed Erica
 15629 | D:8      | Identified a scroll of acquirement
 15630 | D:8      | Acquired the +3 triple sword "Transmigrator" {holy, rPois
                  | Str-4 Dex+3 SInv}
 16590 | D:9      | Found a shimmering altar of Xom.
 16811 | D:9      | Found a burning altar of Makhleb.
 16816 | D:9      | Became a worshipper of Makhleb the Destroyer
 17035 | D:10     | Entered Level 10 of the Dungeon
 17045 | D:10     | Reached XP level 11. HP: 70/71 MP: 0/0
 17045 | D:10     | Learned a level 5 spell: Summon Forest
 17453 | D:10     | Found a snail-covered altar of Cheibriados.
 17677 | D:10     | Found Huuxziv's Magic Scroll Emporium.
 17688 | D:10     | Bought a scroll of identify for 26 gold pieces
 17688 | D:10     | Bought a scroll of identify for 26 gold pieces
 17688 | D:10     | Bought a scroll of identify for 26 gold pieces
 17688 | D:10     | Bought a scroll of identify for 26 gold pieces
 17688 | D:10     | Bought a scroll of identify for 26 gold pieces
 17688 | D:10     | Bought a scroll of identify for 26 gold pieces
 18046 | D:10     | Found Jext's Distillery.
 18055 | D:10     | Bought a potion of ambrosia for 104 gold pieces
 18055 | D:10     | Bought a potion of lignification for 39 gold pieces
 18055 | D:10     | Bought a potion of invisibility for 104 gold pieces
 18299 | D:10     | Noticed a boulder beetle
 18412 | D:10     | Found a stormy altar of Qazlal.
 18902 | D:10     | Killed a boulder beetle
 19679 | D:11     | Found a shadowy altar of Dithmenos.
 19800 | D:11     | Noticed a two-headed ogre
 19920 | D:11     | Found a staircase to the Orcish Mines.
 19933 | D:11     | Found a staircase to the Lair.
 19933 | D:11     | Noticed a death yak
 19933 | D:11     | Noticed a death yak
 19933 | D:11     | Noticed a two-headed ogre
 20266 | D:10     | Killed a death yak
 20991 | D:11     | Noticed a five-headed hydra
 21025 | D:11     | Killed a five-headed hydra
 21218 | D:11     | Killed a two-headed ogre
 21249 | D:11     | Noticed a death yak
 21256 | D:11     | Killed a death yak
 21257 | D:11     | Killed a death yak
 21506 | D:11     | Reached skill level 10 in Spellcasting
 21600 | D:11     | Killed a two-headed ogre
 21601 | D:11     | Reached XP level 12. HP: 63/79 MP: 0/0
 21748 | Lair:1   | Entered Level 1 of the Lair of Beasts
 22482 | Lair:1   | Reached skill level 10 in Unarmed Combat
 22714 | Lair:1   | Found an opulent altar of Gozag.
 22813 | Lair:1   | Reached * piety under Makhleb
 23631 | Lair:1   | Identified the +1 scale mail of Hadjma {Str+5}
 23904 | Lair:2   | Noticed Gastronok
 24407 | Lair:2   | Noticed Sonja
 24424 | Lair:2   | Killed Sonja
 24461 | Lair:2   | Reached skill level 5 in Fighting
 24716 | Lair:2   | Noticed a five-headed hydra
 24729 | Lair:2   | Killed a five-headed hydra
 24889 | Lair:2   | Noticed a four-headed hydra
 24903 | Lair:2   | Noticed a death yak
 24905 | Lair:2   | Noticed a death yak
 24921 | Lair:2   | Killed a four-headed hydra
 24923 | Lair:2   | Reached XP level 13. HP: 75/85 MP: 0/0
 24923 | Lair:2   | Learned a level 5 spell: Metabolic Englaciation
 24926 | Lair:2   | Reached ** piety under Makhleb
 25028 | Lair:2   | Found a hole to the Spider Nest.
 25118 | Lair:2   | Killed Gastronok
 25548 | Lair:3   | Slain by a black mamba

Illustrated notes

Levels and vault maps discovered:
D:1:      wander_arrival_fairy_ring, layout_rooms
D:2:      layout_rooms, hellmonk_ecumenical_altar_leap_of_faith,
          serial_bayou_pond_c, uniq_natasha, uniq_crazy_yiuf_cottage
D:3:      layout_loops_ring, dk_noncrumbling_2, supply_closet_lemuel,
          hangedman_abyss_or_decor_stabs, guppyfry_early_orc_mine
D:4:      cheibrodos_thug_alley, layout_basic, serial_shops, shop
D:5:      layout_loops_ring, minmay_temple_entry_glass, gammafunk_ghost_arena,
          minmay_checkerbox
D:6:      minmay_goblin_kobold_castle, layout_layer_cave,
          gammafunk_ghost_abyssal_escape
D:7:      layout_loops_ring
D:8:      layout_loops_cross, uniq_erica, uniq_joseph, uniq_prince_ribbit1,
          uniq_maggie
D:9:      layout_basic, nicolae_overflow_hidden_temple,
          mainiacjoe_overflow_alcove_2
D:10:     minmay_recursive_quarters, layout_loops_corners, lemuel_doored_altar,
          kennysheep_slug_shrine, serial_shops, nicolae_shop_trees,
          nicolae_lakefront_shop
D:11:     layout_roguey, dpeg_lair_monsters, orc_0_dummy,
          grunt_dithmenos_smoke_and_mirrors
Temple:   dpeg_five_rooms_temple
Lair:1:   layout_long_grid, basic_altar
Lair:2:   layout_roguey, palyth_hydra_swamp_entry, spider_nest_entry_webs,
          serial_forest, infiniplex_forest_corner_1,
          infiniplex_forest_lined_ring, infiniplex_forest_zigzag_1,
          infiniplex_forest_clump_curved, beast_lair_carwin_2,
          lemuel_fruit_tree, uniq_sonja, uniq_gastronok
Lair:3:   layout_long_grid, nicolae_volcano_entry_two_sided,
          minmay_shattered_shrine

Skill      XL: |  1  2  3  4  5  6  7  8  9 10 11 12 13 |
---------------+----------------------------------------+-----
Spellcasting   | 2 3 5 6 8 10 11 | 11.8
Armour         | 1 2 3 4 5 6 7 |  7.4
Long Blades    | 1 2 |  2.5
Dodging        | 3 4 |  4.5
Fighting       | 2 3 4 5 |  5.1
Unarmed Combat | 4 5 7 8 9 10 11 | 11.0
Throwing       | |  0.2
Evocations     | |  0.6

Action                   |  1- 3 |  4- 6 |  7- 9 | 10-12 | 13-15 || total
-------------------------+-------+-------+-------+-------+-------++-------
Melee: Unarmed           |    90 |       |   371 |   320 |    41 ||   822
       Headbutt          |     9 |    10 |       |       |       ||    19
       Falchion          |     7 |    91 |     2 |    11 |       ||   111
       Punch             |       |     4 |     1 |     3 |     2 ||    10
       Triple sword      |       |       |       |    79 |       ||    79
       Scimitar          |       |       |       |    19 |     7 ||    26
Throw: Stone             |     1 |       |     4 |       |       ||     5
       Dart              |       |       |     6 |    18 |       ||    24
       Throwing net      |       |       |       |     1 |       ||     1
 Cast: Beastly Appendage |    16 |    10 |       |     1 |       ||    27
       Wereblood         |     4 |    10 |    13 |     9 |       ||    36
       Sting             |     9 |     4 |    18 |    42 |     5 ||    78
       Slow              |       |     6 |    25 |    37 |     6 ||    74
       Spider Form       |       |       |    49 |     7 |       ||    56
       Call Imp          |       |       |     1 |     2 |       ||     3
       Ice Form          |       |       |     8 |    36 |     3 ||    47
       Sticky Flame      |       |       |       |     2 |       ||     2
       Summon Forest     |       |       |       |    18 |     5 ||    23
       Metabolic Englaci |       |       |       |       |     1 ||     1
Evoke: Wand              |       |       |       |     5 |       ||     5
  Use: Scroll            |       |     1 |     9 |    15 |       ||    25
       Potion            |       |       |     2 |     1 |       ||     3
 Stab: Sleeping          |     1 |     1 |     1 |       |       ||     3
       Distracted        |       |       |     1 |     1 |     1 ||     3
Armor: Robe              |    15 |       |     2 |       |       ||    17
       Leather armour    |     7 |    22 |     1 |    21 |       ||    51
       Skin              |       |       |    24 |    77 |     3 ||   104
       Steam dragon scal |       |       |       |    39 |       ||    39
       Scale mail        |       |       |       |     5 |     5 ||    10
Dodge: Dodged            |    57 |    64 |   285 |   289 |    25 ||   720
       Rpst.: Falchion   |     1 |    22 |       |       |       ||    23
       Triple sword      |       |       |       |    30 |       ||    30
       Scimitar          |       |       |       |     4 |     1 ||     5
